 Dungeon Crawl Stone Soup version 0.31-a0-263-ge8cad7f256 (webtiles) character file.

Game seed: 15272210121233731249

486 qw the Shooter (level 6, 0/52 HPs)
             Began as a Minotaur Hexslinger on July 13, 2023.
             Slain by a gnoll
             ... wielding a +0 spear
             ... led by a gnoll sergeant
              (5 damage)
             ... on level 5 of the Dungeon.
             The game lasted 00:01:17 (3152 turns).

qw the Shooter (Minotaur Hexslinger)                Turns: 3152, Time: 00:01:18

Health: 0/52       AC:  6    Str: 16    XL:     6   Next: 89%
Magic:  15/15      EV: 16    Int:  6    God:
Gold:   291        SH:  0    Dex: 15    Spells: 6/7 levels left

rFire   . . .        Y - +4 sling
rCold   . . .        (no shield)
rNeg    . . .        f - +0 ring mail
rPois   +            (helmet restricted)
rElec   .            d - +0 cloak
rCorr   +            (no gloves)
SInv    .            (no boots)
Will    .....        j - amulet of faith
Stlth   +            l - +5 ring of evasion
HPRegen 0.28/turn    n - ring "Epujich" {rPois rCorr MP+9 Str+4 Int-4}
MPRegen 0.14/turn

%: faith
@: about to teleport
A: horns 2, retaliatory headbutt, wild magic 1, MP-powered wands
a: no special abilities


You were on level 5 of the Dungeon.
You visited 1 branch of the dungeon, and saw 5 of its levels.

You collected 291 gold pieces.


Innate Abilities, Weirdness & Mutations

You have a pair of horns on your head.
You reflexively headbutt those who attack you in melee.
Your spells are a little harder to cast, but a little more powerful.
You expend magic power (3 MP) to strengthen your wands.


   Skills:
 - Level 4.1 Fighting
 + Level 7.1 Ranged Weapons
 - Level 1.4 Armour
 - Level 2.1 Dodging
 - Level 1.0 Spellcasting
 - Level 2.0 Hexes


You had 6 spell levels left.
You knew the following spells:

 Your Spells              Type           Power      Damage    Failure   Level
a - Slow                  Hex            12%        N/A       45%         1

Your spell library contained the following spells:

 Spells                   Type           Power      Damage    Failure   Level
 Inner Flame              Hex/Fire       1%         N/A       90%         3
 Portal Projectile        Hex/Tloc       2%         N/A       90%         3
 Cause Fear               Hex            1%         N/A       99%         4

Inventory:

Hand Weapons
 Y - a +4 sling (weapon)
Armour
 d - a +0 cloak (worn)
 f - a +0 ring mail (worn)
Jewellery
 j - an amulet of faith (around neck)
 l - a +5 ring of evasion (left hand)
 n - the ring "Epujich" (right hand) {rPois rCorr MP+9 Str+4 Int-4}
   (You found it on level 4 of the Dungeon)

   [ring of magical power]

   Str:       It affects your strength (+4).
   Int:       It affects your intelligence (-4).
   rPois:     It protects you from poison.
   MP:        It affects your magic capacity (+9).
   rCorr:     It protects you from acid and corrosion.
Wands
 b - a wand of digging (7)
Scrolls
 a - 5 scrolls of teleportation
 e - a scroll of identify
Potions
 c - a potion of cancellation {unknown}
 h - a potion of lignification {unknown}
 i - 2 potions of mutation
 k - a potion of heal wounds
 m - a potion of curing
 o - a potion of resistance {unknown}

Dungeon Overview and Level Annotations

Branches:
Dungeon (5/15)
 Temple: D:4-7

Altars:
Hepliaklqana
Xom

Annotations:
D:4 2 runed translucent doors


Message History

You hear a shout!
The gnoll barely misses you.
The gnoll hits you from afar with a +0 halberd!
You shoot a sling bullet. The sling bullet hits the gnoll.
The gnoll is heavily wounded.
The gnoll hits you with a +0 club.
The gnoll hits you from afar with a +0 halberd.
A gnoll sergeant comes into view. It is wielding a +0 trident.
You shoot a sling bullet. The sling bullet hits the gnoll.
The gnoll is severely wounded.
The gnoll barely misses you.
A gnoll comes into view. It is wielding a +0 spear.
The gnoll barely misses you. You furiously retaliate!
You headbutt the gnoll.
You kill the gnoll!
You shoot a sling bullet. The sling bullet hits the gnoll!
The gnoll is severely wounded.
The gnoll barely misses you. x2
You shoot a sling bullet.
The sling bullet closely misses the gnoll. x2
The sling bullet hits the gnoll sergeant.
The gnoll sergeant is lightly wounded.
The gnoll closely misses you.
You shoot a sling bullet. The sling bullet hits the gnoll.
The gnoll is almost dead.
The gnoll misses you. The gnoll closely misses you.
The gnoll sergeant hits you from afar with a +0 trident.
The gnoll hits you with a +0 whip.
The gnoll hits you from afar with a +0 halberd!
You shoot a sling bullet.
The sling bullet closely misses the gnoll.
The gnoll closely misses you. The gnoll hits you but does no damage.
The gnoll closely misses you. You furiously retaliate!
You headbutt the gnoll!
You kill the gnoll!
The gnoll sergeant hits you from afar with a +0 trident!
3152 ||| READING 6 scrolls of teleportation.
As you read the scroll of teleportation, it crumbles to dust.
You feel strangely unstable. The gnoll misses you.
The gnoll hits you from afar with a +0 spear.
You die...

#.........#
#.........#
#.........#
#.........#
#.........#
#.........#
#.........#
#)........#
######....@g...#
......))##)#####
........#ggg
........#....
........#.....
........#......
........#......#
........#......#
......%<#


You could see a gnoll sergeant and 3 gnolls.

Vanquished Creatures
  Grinder (D:4)
  2 orc priests (D:5)
  Natasha (D:3)
  An orc wizard (D:5)
  2 gnolls (D:5)
  7 adders
  3 worms
  A dart slug (D:3)
  10 orcs
  6 bats
  2 endoplasms (D:1)
  4 giant cockroaches (D:1)
  9 goblins
  8 hobgoblins
  5 jackals
  A quokka (D:3)
  7 ball pythons
  7 frilled lizards
  14 kobolds
  7 rats
98 creatures vanquished.

Notes
Turn   | Place    | Note
-------+----------+-------------------------------------------
     0 | D:1      | qw the Minotaur Hexslinger began the quest for the Orb.
     0 | D:1      | Reached XP level 1. HP: 16/16 MP: 1/1
     0 | D:1      | 0 ||| qw: Version: 0.3-a-52-g30416fa
     0 | D:1      | 0 ||| qw: Game counter: 7381
     0 | D:1      | 0 ||| qw: Melee chars always use a shield: true
     0 | D:1      | 0 ||| qw: God list: Okawaru
     0 | D:1      | 0 ||| qw: Allow faded altars: false
     0 | D:1      | 0 ||| qw: Do Orc after clearing Dungeon:15 true
     0 | D:1      | 0 ||| qw: Do second Lair branch before Depths: true
     0 | D:1      | 0 ||| qw: Lair rune preference: random
     0 | D:1      | 0 ||| qw: Goals: Normal
     0 | D:1      | 0 ||| PLANNING D:1-11
   177 | D:1      | Reached skill level 3 in Ranged Weapons
   184 | D:1      | Reached XP level 2. HP: 23/23 MP: 2/2
   460 | D:1      | Reached XP level 3. HP: 29/29 MP: 3/3
   892 | D:1      | 892 ||| UPGRADING to +0 ring mail.
   902 | D:1      | 902 ||| DROPPING +0 robe.
   903 | D:1      | 903 ||| READING 4 scrolls labelled ARHATHR BUTZE.
   908 | D:1      | 908 ||| READING scroll labelled ZARGHE ASKOFAXT.
   909 | D:1      | 909 ||| READING scroll labelled BAHENLUARU.
   910 | D:1      | 910 ||| READING 2 scrolls labelled LUIFUSHIONI.
   911 | D:1      | 911 ||| READING scroll of enchant weapon.
   911 | D:1      | 911 ||| ENCHANTING +2 sling.
   912 | D:1      | 912 ||| DROPPING scroll of poison.
   942 | D:2      | Reached skill level 4 in Ranged Weapons
  1071 | D:2      | Reached skill level 1 in Armour
  1078 | D:2      | Reached XP level 4. HP: 36/36 MP: 4/4
  1285 | D:2      | Found a hazy altar of Hepliaklqana.
  1329 | D:2      | 1329 ||| DRINKING 2 smoky pink potions.
  1336 | D:2      | 1336 ||| DRINKING 2 blue potions.
  1336 | D:2      | Gained mutation: You expend magic power (3 MP) to
                  | strengthen your wands. [potion of mutation]
  1336 | D:2      | Gained mutation: Your spells are a little harder to cast,
                  | but a little more powerful. [potion of mutation]
  1337 | D:2      | 1337 ||| DROPPING potion of ambrosia.
  1537 | D:3      | Noticed Natasha
  1544 | D:3      | Killed Natasha
  1545 | D:3      | Reached skill level 5 in Ranged Weapons
  1547 | D:3      | Reached XP level 5. HP: 33/41 MP: 5/5
  2043 | D:3      | 2043 ||| UPGRADING to +0 cloak.
  2048 | D:3      | 2048 ||| UPGRADING to amulet of faith.
  2053 | D:3      | 2053 ||| DROPPING ring of wizardry.
  2054 | D:3      | 2054 ||| UPGRADING to +5 ring of evasion.
  2055 | D:3      | 2055 ||| READING scroll labelled SIANLO QECA.
  2056 | D:3      | 2056 ||| DRINKING 2 purple potions.
  2223 | D:4      | Reached skill level 3 in Fighting
  2235 | D:4      | Noticed Grinder
  2241 | D:4      | Killed Grinder
  2242 | D:4      | Reached skill level 6 in Ranged Weapons
  2242 | D:4      | Reached XP level 6. HP: 51/51 MP: 6/6
  2268 | D:4      | Identified the ring "Epujich" {rPois rCorr MP+9 Str+4
                  | Int-4}
  2371 | D:4      | Found a large runed translucent door.
  2371 | D:4      | Found a shimmering altar of Xom.
  2371 | D:4      | Found a large runed translucent door.
  2383 | D:4      | 2383 ||| READING scroll of enchant weapon.
  2383 | D:4      | 2383 ||| ENCHANTING +3 sling.
  2657 | D:4      | 2657 ||| UPGRADING to ring "Epujich" {rPois rCorr MP+9
                  | Str+4 Int-4}.
  2722 | D:4      | 2722 ||| READING 2 scrolls labelled GOIROY MIUGUMOCU.
  2723 | D:4      | 2723 ||| DRINKING 3 puce potions.
  2724 | D:4      | 2724 ||| DRINKING 2 lumpy white potions.
  2725 | D:4      | 2725 ||| DROPPING 2 potions of magic.
  2741 | D:5      | Entered Level 5 of the Dungeon
  2744 | D:5      | 2744 ||| STAIRDANCE
  2800 | D:5      | 2800 ||| STAIRDANCE
  2902 | D:5      | 2902 ||| STAIRDANCE
  2985 | D:5      | 2985 ||| Stepping ~*~*~tactically~*~*~ (outnumbered).
  3006 | D:5      | Reached skill level 7 in Ranged Weapons
  3151 | D:5      | HP: 5/52 [gnoll sergeant/+0 trident (12)]
  3152 | D:5      | 3152 ||| READING 6 scrolls of teleportation.
  3152 | D:5      | Slain by a gnoll

Levels and vault maps discovered:
D:1:      dpeg_arrival_boxes_within_box, layout_basic, minmay_misc_feat_pillars,
          minmay_heptomino_o4
D:2:      layout_rooms, basic_altar, grunt_decor_cap
D:3:      layout_basic, uniq_natasha
D:4:      due_chaos_kobolds, layout_basic,
          nicolae_concentric_dashed_squares_wild, nicolae_the_louvre,
          uniq_grinder
D:5:      layout_gridville, nicolae_gozag_cash_rules_everything_around_me,
          gammafunk_ghost_abyssal_escape

Skill      XL: |  1  2  3  4  5  6 |
---------------+-------------------+-----
Ranged Weapons | 3 4 5 6 7 |  7.1
Fighting       | 2 3 4 |  4.1
Armour         | 1 |  1.4
Dodging        | |  2.1
Spellcasting   | |  1.0
Hexes          | |  2.0

Action                     |  1- 3 |  4- 6 || total
---------------------------+-------+-------++-------
   Fire: Sling             |   117 |   158 ||   275
    Use: Scroll            |     5 |     4 ||     9
         Potion            |       |     5 ||     5
 Armour: Robe              |     9 |       ||     9
         Ring mail         |     5 |    17 ||    22
  Dodge: Dodged            |    28 |    56 ||    84

Table legend:
 A = Non-vault XP
 B = Vault XP
 C = Vault XP percentage of total XP
 D = Non-vault monster count
 E = Vault monster count
 F = Vault count percentage of total count
                 A         B        C        D         E       F
            +---------+---------+-------+---------+---------+-------
      Total |     393 |     302 |  43.5 |      92 |       6 |   6.1
            +---------+---------+-------+---------+---------+-------
        D:1 |      47 |       5 |   9.6 |      29 |       4 |  12.1
        D:2 |      73 |       0 |   0.0 |      22 |       0 |   0.0
        D:3 |      71 |      35 |  33.0 |      20 |       1 |   4.8
        D:4 |      30 |     262 |  89.7 |      11 |       1 |   8.3
        D:5 |     172 |       0 |   0.0 |      10 |       0 |   0.0
            +---------+---------+-------+---------+---------+-------
